 Dungeon Crawl Stone Soup version 0.27-a0-553-ge0ab5a2769 (webtiles) character file.

Game seed: 1949686748511905195

170 Gaff the Stinger (level 5, -1/35 HPs)
             Began as a Demonspawn Venom Mage on Mar 8, 2021.
             Killed by nerve-wracking pain
             ... invoked by Grinder
              (4 damage)
             ... on level 3 of the Dungeon.
             The game lasted 00:11:29 (3096 turns).

Gaff the Stinger (Demonspawn Venom Mage)            Turns: 3096, Time: 00:11:30

Health: -1/35      AC:  7    Str:  9    XL:     5   Next: 26%
Magic:  8/10       EV: 12    Int: 17    God:
Gold:   133        SH:  0    Dex: 13    Spells: 8/11 levels left

rFire    . . .     SeeInvis .   u - +1 mace (drain)
rCold    . . .     Faith    .   (no shield)
rNeg     . . .     Spirit   .   a - +0 robe
rPois    .         Reflect  .   (no helmet)
rElec    .         Harm     .   p - +0 cloak
rCorr    .         Rampage  .   o - +0 pair of gloves
Will     .....                  i - +2 pair of boots
Stlth    ++........             (no amulet)
HPRegen  0.11/turn              (no ring)
MPRegen  0.12/turn              (no ring)

@: no status effects
A: claws 1, demonic guardian 2
a: no special abilities


You were on level 3 of the Dungeon.
You visited 1 branch of the dungeon, and saw 3 of its levels.

You collected 133 gold pieces.

Inventory:

Hand Weapons
 c - a +0 short sword
 u - a +1 mace of draining (weapon)
Missiles
 t - 10 poisoned darts
Armour
 a - a +0 robe (worn)
 f - a +0 pair of boots
 i - a +2 pair of boots (worn)
 o - a +0 pair of gloves (worn)
 p - a +0 cloak (worn)
Jewellery
 s - a +6 ring of strength
 v - a +6 ring of intelligence
Wands
 r - a wand of random effects (24)
Scrolls
 b - a scroll of fog {unknown}
 g - 2 scrolls of random uselessness {unknown}
 h - 3 scrolls of teleportation {unknown}
 j - 3 scrolls of identify {unknown}
 m - 2 scrolls of immolation {unknown}
Potions
 d - a potion of lignification {unknown}
 e - a potion of ambrosia {unknown}
 k - 2 potions of degeneration {unknown}
 l - 2 potions of mutation {unknown}
 n - 2 potions of curing {unknown}
 q - a potion of attraction {unknown}


   Skills:
 - Level 1.9 Dodging
 - Level 1.7 Stealth
 + Level 3.6 Spellcasting
 - Level 0.8 Transmutations
 + Level 0.4 Air Magic
 + Level 4.7 Poison Magic


You had 8 spell levels left.
You knew the following spells:

 Your Spells              Type           Power      Damage    Failure   Level
a - Sting                 Tmut/Pois      48%        1d5       5%          1
b - Poisonous Vapours     Pois/Air       22%        N/A       9%          2

Your spell library contained the following spells:

 Spells                   Type           Power      Damage    Failure   Level
 Ignite Poison            Fire/Tmut/Pois 9%         N/A       22%         3
 Olgreb's Toxic Radiance  Pois           19%        N/A       22%         4
 Mephitic Cloud           Conj/Pois/Air  8%         N/A       24%         3


Dungeon Overview and Level Annotations

Branches:
Dungeon (3/15)

Altars:
Fedhas
Makhleb
Qazlal
Zin
The Shining One

Annotations:
D:3 1 runed translucent door, Crazy Yiuf, Grinder


Innate Abilities, Weirdness & Mutations

You have sharp fingernails.
A demonic guardian rushes to your aid.


Message History

The centaur skeleton is almost destroyed.
The centaur skeleton hits you.
The centaur skeleton hits you but does no damage.
Casting: Sting (safe; 5% risk of failure)
Confirm with . or Enter, or press ? or * to list all spells.
Aiming: Sting (safe; 5% risk of failure)
Press: ? - help, Shift-Dir - straight line, f/p - Grinder
Aim: Grinder (lightly wounded, 32% to evade)
The sting hits Grinder but does no damage.
Grinder is poisoned.
Grinder is lightly wounded.
The centaur skeleton barely misses you. Grinder closely misses you.
You sock the centaur skeleton!
You destroy the centaur skeleton!
Grinder gestures at you. Pain shoots through your body!
Casting: Sting (safe; 5% risk of failure)
Confirm with . or Enter, or press ? or * to list all spells.
Aiming: Sting (safe; 5% risk of failure)
Press: ? - help, Shift-Dir - straight line, f/p - Grinder
Aim: Grinder (moderately wounded, poisoned, 32% to evade)
Okay, then.
You hit Grinder.
Grinder is moderately wounded.
Grinder looks more healthy.
Grinder closely misses you. x2
Casting: Sting (safe; 5% risk of failure)
Confirm with . or Enter, or press ? or * to list all spells.
Aiming: Sting (safe; 5% risk of failure)
Press: ? - help, Shift-Dir - straight line, f/p - Grinder
Aim: Grinder (moderately wounded, 32% to evade)
The sting misses Grinder.
Grinder barely misses you.
You hit Grinder but do no damage.
Grinder is moderately wounded.
Grinder hits you!
* * * LOW HITPOINT WARNING * * *
A demonic guardian appears!
You writhe in agony.
* * * LOW HITPOINT WARNING * * *
Grinder gestures at you. Pain shoots through your body!
You die...

##.........###....#
#.........# #....##
#....<....# #....8#
#######...# ##...##
#...####...#
#...†.##...##
...##..##......⌠#
...>#.# ####...##
...##.#######@.#
..8##.....45...##.......
8## #.#######..8#.......
#..##....... #..#
...5... #..##.......
#..8#.......
#..##....Z.. #.....#


You could see Grinder (ally target) and a friendly ice devil (summoned).

Vanquished Creatures
  A centaur skeleton (D:3)
  Ijyb (D:3)
  A gnoll (D:2)
  4 adders
  An adder zombie (D:3)
  3 worms
  A dart slug (D:2)
  2 leopard geckos
  An orc (D:3)
  2 bats
  5 giant cockroaches
  7 goblins
  6 hobgoblins
  4 jackals
  8 kobolds
  2 quokkas
  2 frilled lizards (D:2)
  A jackal skeleton (D:3)
  3 rats (D:1)
55 creatures vanquished.

Vanquished Creatures (collateral kills)
  2 jackals (D:1)
  A kobold (D:1)
3 creatures vanquished.

Grand Total: 58 creatures vanquished

Notes
Turn   | Place    | Note
-------+----------+-------------------------------------------
     0 | D:1      | Gaff the Demonspawn Venom Mage began the quest for the Orb.
     0 | D:1      | Reached XP level 1. HP: 13/13 MP: 3/3
   217 | D:1      | Gained mutation: A weak demonic guardian rushes to your
                  | aid. [demonic ancestry]
   217 | D:1      | Reached XP level 2. HP: 19/19 MP: 3/5
  1130 | D:2      | Reached XP level 3. HP: 16/24 MP: 0/6
  1311 | D:2      | Learned a level 2 spell: Poisonous Vapours
  1349 | D:2      | Found a stormy altar of Qazlal.
  1367 | D:2      | Reached skill level 4 in Poison Magic
  2075 | D:2      | Gained mutation: You have sharp fingernails. [demonic
                  | ancestry]
  2075 | D:2      | Reached XP level 4. HP: 24/30 MP: 5/8
  2451 | D:2      | Found a blossoming altar of Fedhas.
  2593 | D:3      | Noticed Ijyb
  2608 | D:3      | Killed Ijyb
  2699 | D:3      | Found a burning altar of Makhleb.
  2842 | D:3      | Found a runed translucent door.
  2843 | D:3      | Noticed Crazy Yiuf
  2953 | D:3      | Gained mutation: A demonic guardian rushes to your aid.
                  | [demonic ancestry]
  2953 | D:3      | Reached XP level 5. HP: 35/35 MP: 6/10
  3066 | D:3      | Noticed Grinder
  3096 | D:3      | Killed from afar by Grinder

Illustrated notes

Levels and vault maps discovered:
D:1:      kilobyte_arrival_exit_the_forest, layout_rooms,
          amcnicky_mini_rare_corridor_liquid, minmay_misc_feat_diagonals
D:2:      minmay_angry_zag, layout_basic, zin_statuary, general_overflow_altar,
          lemuel_round_altar, chequers_serial_rivers_micro_e,
          cheibrodos_gnoll_hut
D:3:      layout_rooms, nicolae_overflow_hidden_temple, bloody_makhleb,
          serial_undead, serial_undead_e, serial_undead_c, serial_undead_a,
          serial_undead_c, st_stairs_6, chequers_hall_statues_wall_a,
          uniq_crazy_yiuf_cottage, uniq_grinder, uniq_ijyb

Skill      XL: |  1  2  3 |
---------------+----------+-----
Poison Magic   | 4 |  4.7
Spellcasting   | 3 |  3.6
Dodging        | |  1.9
Stealth        | |  1.7
Transmutations | |  0.8
Air Magic      | |  0.4

Action                   |  1- 3 |  4- 6 || total
-------------------------+-------+-------++-------
Melee: Unarmed           |     3 |       ||     3
       Short sword       |     8 |    16 ||    24
       Mace              |       |    18 ||    18
 Cast: Sting             |    63 |    29 ||    92
       Poisonous Vapours |     6 |     5 ||    11
Armor: Robe              |     8 |    19 ||    27
Dodge: Dodged            |    37 |    34 ||    71

Table legend: (Time is in decaauts)
 A = Elapsed time spent in this place.
 B = Non-inter-level travel time spent in this place.
 C = Inter-level travel time spent in this place.
 D = Time resting spent in this place.
 E = Time spent auto-exploring this place.
 F = Levels seen in this place.
 G = Mean time per level.
                   A        B        C        D        E       F      G
               +--------+--------+--------+--------+--------+-----+--------+
         Total |   3115 |   3020 |     95 |    817 |   1350 |   3 | 1038.3 |
       Dungeon |   3115 |   3020 |     95 |    817 |   1350 |   3 | 1038.3 |
               +--------+--------+--------+--------+--------+-----+--------+

Top non-repeatable levels by time:
     D:2: 1539 daAuts
     D:1: 1053 daAuts
     D:3: 522 daAuts
